 Dungeon Crawl Stone Soup version 0.30-a0-210-g01b79a254e (webtiles) character file.

Game seed: 16227912968751646503

6343 sleeves the Spear-Bearer (level 11, -2/89 HPs)
             Began as a Formicid Cinder Acolyte on Oct 4, 2022.
             Was an Initiate of Kikubaaqudgha.
             Slain by a fire elemental (8 damage)
             ... created by the fiery vengeance of Ignis
             ... on level 10 of the Dungeon.
             The game lasted 00:17:41 (10997 turns).

sleeves the Spear-Bearer (Formicid Cinder Acolyte) Turns: 10997, Time: 00:17:41

Health: -2/89      AC: 14    Str: 28    XL:     11   Next: 16%
Magic:  12/12      EV:  8    Int: 15    God:    Kikubaaqudgha [......]
Gold:   592        SH:  0    Dex:  9    Spells: 12/12 levels left

rFire   . . .      SeeInvis +    d - +9 demon trident of Cheibriados's Esteem {vamp, rPois Will+ Str+4 Int+2}
rCold   + . .      Faith    .    (no shield)
rNeg    . . .      Spirit   .    v - +0 chain mail
rPois   +          Reflect  .    (helmet unavailable)
rElec   .          Harm     .    h - scarf {rC+ rF+}
rCorr   .          Rampage  .    u - +0 pair of gloves
Will    +++..                    f - +0 pair of boots
Stlth   ..........               t - amulet of magic regeneration
HPRegen 0.34/turn                y - ring of willpower
MPRegen 0.53/turn                (no ring)

@: fire susceptible
A: permanent stasis, dig shafts and tunnels, antennae 3, four strong arms
a: Dig, Shaft Self, Renounce Religion


You were on level 10 of the Dungeon.
You worshipped Kikubaaqudgha.
Kikubaaqudgha was noncommittal.
You visited 2 branches of the dungeon, and saw 11 of its levels.

You collected 592 gold pieces.

Inventory:

Hand Weapons
 a - a -1 spear of flaming
 b - a +4 scythe
   (You took it off Sigmund on level 3 of the Dungeon)
 d - the +9 demon trident of Cheibriados's Esteem (weapon) {vamp, rPois Will+ Str+4 Int+2}
   (You acquired it on level 8 of the Dungeon)

   It occasionally heals its wielder for a portion of the damage dealt when it
   wounds a living foe.
   Str:       It affects your strength (+4).
   Int:       It affects your intelligence (+2).
   rPois:     It protects you from poison.
   Will:      It increases your willpower.
 g - a +0 bardiche of pain
   (You acquired it on level 8 of the Dungeon)
 q - a +0 halberd
   (You took it off a gnoll on level 4 of the Dungeon)
Missiles
 x - 12 poisoned darts (quivered)
Armour
 f - a +0 pair of boots (worn)
   (You found it on level 1 of the Dungeon)
 h - a scarf of resistance (worn)
   (You found it on level 1 of the Dungeon)
 u - a +0 pair of gloves (worn)
   (You found it on level 5 of the Dungeon)
 v - a +0 chain mail (worn)
   (You took it off an orc on level 4 of the Dungeon)
Jewellery
 t - an amulet of magic regeneration (around neck)
   (You found it on level 5 of the Dungeon)
 y - a ring of willpower (left hand)
   (You took it off a kobold on level 7 of the Dungeon)
Wands
 k - a wand of paralysis (12)
   (You found it on level 2 of the Dungeon)
 B - a wand of polymorph (7)
   (You found it on level 8 of the Dungeon)
 D - a wand of flame (25)
   (You found it on level 8 of the Dungeon)
Scrolls
 j - a scroll of enchant weapon {unknown}
 m - a scroll of magic mapping
 o - a scroll of immolation
 p - a scroll of fear
 r - 3 scrolls of poison
 z - a scroll of torment
 F - a scroll of fog {unknown}
 G - a scroll of noise {unknown}
Potions
 c - 2 potions of heal wounds {unknown}
 e - 4 potions of cancellation
 i - a potion of curing
 l - 3 potions of lignification
 n - 2 potions of flight
 s - 3 potions of brilliance
 w - a potion of resistance
 A - a potion of mutation {unknown}
 C - a potion of degeneration {unknown}
 E - a potion of attraction
 H - a potion of invisibility {unknown}
 I - 2 potions of berserk rage {unknown}


   Skills:
 + Level 9.0 Fighting
 + Level 12.1 Polearms
 + Level 9.0 Armour
 - Level 1.1 Spellcasting
 - Level 3.0 Fire Magic


You had 12 spell levels left.
You didn't know any spells.
Your spell library contained the following spells:

 Spells                   Type           Power      Damage    Failure   Level
 Scorch                   Fire           18%        2d6       43%         2
 Apportation              Tloc           0%         N/A       73%         1
 Necrotise                Necr           0%         1d4       73%         1
 Frozen Ramparts          Ice            0%         1d1       97%         3
 Vampiric Draining        Necr           0%         2d6       97%         3
 Airstrike                Air            0%         2d(0-16)  100%        4
 Cause Fear               Hex            0%         N/A       100%        4
 Ice Form                 Ice/Tmut       0%         N/A       100%        4
 Summon Ice Beast         Ice/Summ       0%         N/A       100%        4
 Summon Lightning Spire   Summ/Air       0%         N/A       100%        4
 Agony                    Necr           0%         N/A       100%        5
 Alistair's Intoxication  Tmut/Pois      0%         N/A       100%        5
 Lightning Bolt           Conj/Air       0%         1d11      100%        5
 Dragon Form              Tmut           0%         N/A       100%        7
 Dragon's Call            Summ           0%         N/A       100%        9


Dungeon Overview and Level Annotations

Branches:
Dungeon (10/15)            Temple (1/1) D:7
   Lair: D:8-11         Orc: D:9-12

Altars:
Ashenzari
Cheibriados
Dithmenos
Elyvilon
Fedhas
Gozag
Hepliaklqana
Kikubaaqudgha
Makhleb
Nemelex Xobeh
Okawaru
Qazlal
Ru
Sif Muna
Trog
Uskayaw
Vehumet
Wu Jian
Xom
Yredelemnul
Zin
The Shining One


Innate Abilities, Weirdness & Mutations

You cannot be hasted, slowed, berserked, paralysed or teleported.
You can dig through walls and to a lower floor.
You have a pair of large antennae on your head. (SInv)
Your four strong arms can wield two-handed weapons with a shield.


Message History

The centaur wields a +0 shortbow.
The centaur shoots an arrow.
The arrow hits you!
You reach to attack!
You impale the centaur!!
You kill the centaur!
Your Polearms skill increases to level 11!
No target in view!
No target in view!
C - an amethyst potion
s - 2 smoky silvery potions (gained 1)
e - 4 bubbling puce potions (gained 2)
You now have 392 gold pieces (gained 15).
Found 4 stones.
Found a barding.
You sense a monster nearby.
No target in view!
A shadow comes into view.
A shadow is nearby!
A shadow is nearby!
You impale the shadow!!
The shadow is almost destroyed.
The shadow slips into darkness.
The shadow flickers and vanishes for a moment.
You closely miss the shadow.
The shadow is almost destroyed.
The shadow hits you.
You hit the shadow but do no damage.
The shadow is almost destroyed.
The shadow slips into darkness.
The shadow flickers and vanishes for a moment.
You barely miss the shadow.
The shadow is almost destroyed.
You puncture the shadow!
You destroy the shadow!
Your Fighting skill increases to level 7!
Your Armour skill increases to level 7!
No target in view!
You sense a monster nearby.
A bullfrog comes into view.
The bullfrog croaks.
A bullfrog is nearby!
You hit the bullfrog.
The bullfrog is moderately wounded.
The bullfrog hits you.
You barely miss the bullfrog.
The bullfrog is moderately wounded.
The bullfrog hits you.
The bullfrog hits you but does no damage.
You closely miss the bullfrog.
The bullfrog is moderately wounded.
The bullfrog hits you but does no damage.
You hit the bullfrog.
The bullfrog is heavily wounded.
The bullfrog hits you. x2
You barely miss the bullfrog.
The bullfrog is heavily wounded.
The bullfrog hits you but does no damage.
You hit the bullfrog.
The bullfrog is severely wounded.
The bullfrog barely misses you. The bullfrog hits you.
You barely miss the bullfrog.
You punch the bullfrog, but do no damage.
The bullfrog is severely wounded.
The bullfrog hits you.
You barely miss the bullfrog.
The bullfrog is severely wounded.
The bullfrog hits you. The bullfrog barely misses you.
You slice the bullfrog!!
You kill the bullfrog!
No target in view!
You see here a bullfrog corpse.
Found a leather armour.
You see here a +0 leather armour.
Found a stone staircase leading down.
There is a stone staircase leading down here.
Found an opulent altar of Gozag.
You now have 403 gold pieces (gained 11).
You now have 416 gold pieces (gained 13).
D - a wand of flame (25)
You open the large door.
A hornet, a wight and an ice beast come into view.
The hornet buzzes angrily.
Found 43 gold pieces.
There are monsters nearby!
There are monsters nearby!
You reach to attack!
You impale the wight!!
You destroy the wight!
You reach to attack!
You closely miss the hornet.
The hornet stings you but does no damage.
You closely miss the hornet.
The hornet stings you but does no damage.
You closely miss the hornet. The hornet barely misses you.
The hornet stings you but does no damage.
You miss the hornet. The hornet stings you!
You are poisoned.
Your stasis prevents you from being slowed.
You hit the hornet but do no damage. Your punch misses the hornet.
You feel sick. The hornet barely misses you. The hornet completely misses you.
You barely miss the hornet.
You feel sick. The hornet closely misses you.
You puncture the hornet!
The hornet is moderately wounded.
You feel sick. The hornet stings you!
Your stasis prevents you from being slowed.
You closely miss the hornet.
The hornet is moderately wounded.
You feel sick. The hornet stings you.
Your stasis prevents you from being slowed.
The hornet stings you.
Your stasis prevents you from being slowed.
You are too injured to fight recklessly!
Aiming: Paralyse
Press: ? - help, Shift-Dir - straight line, f/p - hornet
Aim: a hornet (moderately wounded, chance to affect: 39%)
The hornet suddenly stops moving!
You feel sick.
The helpless hornet fails to defend itself.
You impale the hornet!!
You kill the hornet!
You feel sick.
You hit the ice beast but do no damage.
You feel sick.
The ice beast hits you but does no damage.
You barely miss the ice beast.
You feel sick.
You are no longer poisoned.
The ice beast hits you but does no damage.
You slash the ice beast! You punch the ice beast.
The ice beast is heavily wounded.
The ice beast hits you but does no damage.
You barely miss the ice beast.
The ice beast is moderately wounded.
The ice beast closely misses you.
You hit the ice beast but do no damage.
The ice beast is moderately wounded.
The ice beast hits you but does no damage.
You completely miss the ice beast.
The ice beast is moderately wounded.
The ice beast hits you but does no damage.
You closely miss the ice beast.
The ice beast is moderately wounded.
The ice beast hits you but does no damage.
You barely miss the ice beast.
The ice beast is moderately wounded.
The ice beast hits you. The ice beast freezes you. You resist.
You impale the ice beast!!
You kill the ice beast!
You see here a hornet corpse.
Things that are here:
a +0 mace; a +0 robe
Found a potion of haste.
There is a large open door here.
You now have 428 gold pieces (gained 12).
You now have 446 gold pieces (gained 18).
You now have 459 gold pieces (gained 13).
You open the large door.
There is a large open door here.
Found 6 stones.
You now have 465 gold pieces (gained 6).
Found a ring mail.
E - a bubbling cyan potion
Found an escape hatch in the ceiling.
Found a stone staircase leading up.
There is an escape hatch in the ceiling here.
There is an escape hatch in the ceiling here.
A bullfrog comes into view.
The bullfrog croaks.
A bullfrog is nearby!
The bullfrog hits you but does no damage.
You slash the bullfrog!
The bullfrog is heavily wounded.
The bullfrog hits you.
You impale the bullfrog!!
You kill the bullfrog!
No target in view!
No target in view!
As you read the scroll labelled JAZUWO CA QOMN, it crumbles to dust.
It is a scroll of identify.
e - 4 potions of cancellation
As you read the scroll of identify, it crumbles to dust.
j - 2 scrolls of acquirement
As you read the scroll of identify, it crumbles to dust.
l - 3 potions of lignification
As you read the scroll of identify, it crumbles to dust.
n - 2 potions of flight
As you read the scroll of identify, it crumbles to dust.
r - 2 scrolls of poison
As you read the scroll of identify, it crumbles to dust.
d - a scroll of teleportation
As you read the scroll of identify, it crumbles to dust.
p - a scroll of fear You drop a scroll of teleportation.
As you read the scroll of identify, it crumbles to dust.
z - a scroll of torment
As you read the scroll of identify, it crumbles to dust.
s - 2 potions of brilliance
As you read the scroll of identify, it crumbles to dust.
m - a scroll of magic mapping
As you read the scroll of identify, it crumbles to dust.
o - a scroll of immolation
As you read the scroll of identify, it crumbles to dust.
E - a potion of attraction
As you read the scroll of identify, it crumbles to dust.
w - a potion of resistance
Okay, then.
Something appears at your feet! Something appears at your feet!
d - the +9 demon trident of Cheibriados's Esteem {vamp, rPois Will+ Str+4 Int+2} You feel stronger.
You feel clever.
You feel a sense of dread.
d - the +9 demon trident of Cheibriados's Esteem (weapon)
{vamp, rPois Will+ Str+4 Int+2}
Things that are here:
a +0 bardiche of pain; a scroll of teleportation
g - a +0 bardiche of pain
Found a dagger.
An orc comes into view. It is wielding a +0 short sword.
The orc shouts!
You hear a shout! x2
An orc is nearby!
An orc warrior comes into view. It is wielding a +0 mace.
An orc comes into view. It is wielding a +0 club.
An orc comes into view. It is wielding a +0 mace.
An orc comes into view. It is wielding a +0 dagger.
You reach to attack!
You impale the orc!!
You kill the orc!
You reach to attack!
You puncture the orc!
You kill the orc!
You puncture the orc warrior!
The orc warrior is heavily wounded.
The orc warrior hits you with a +0 mace.
You puncture the orc warrior!
You feel better.
You kill the orc warrior!
The orc closely misses you.
You hit the orc.
The orc is almost dead.
The orc hits you but does no damage.
You puncture the orc!
You kill the orc!
You impale the orc!!
You kill the orc!
No target in view!
No target in view!
No target in view!
No target in view!
No target in view!
No target in view!
No target in view!
No target in view!
No target in view!
No target in view!
You now have 481 gold pieces (gained 16).
Items here: )) [ †.
You open the door.
There is an open door here.
You see here 9 stones.
Found a stone staircase leading down.
There is a stone staircase leading down here.
You see here 4 stones.
j - a scroll labelled KEZAD QAINECUS You open the large door.
There is a large open door here.
There is a fountain of clear blue water here.
You open the large door.
There is a large open door here.
You see here a +0 barding.
A sky beast comes into view.
Search for what [Enter for "armor", or ? for help]? shie Can't find anything matching that.
You reach to attack!
You barely miss the sky beast. You miss the sky beast.
The sky beast completely misses you.
You puncture the sky beast!
The sky beast is heavily wounded.
You closely miss the sky beast.
The sky beast is heavily wounded.
The sky beast hits you but does no damage.
You barely miss the sky beast.
The sky beast is heavily wounded.
The sky beast closely misses you.
You puncture the sky beast!
You kill the sky beast!
No target in view!
You see here a sky beast corpse.
You see here a +0 whip.
There is a stone staircase leading up, spattered with blood here.
Items here: ))) [.
There is a stone staircase leading up, spattered with blood here.
Items here: ))) [.
Key pressed, stopping explore.
There is an open door here.
Items here: )) [ ÷.
You see here a scroll of teleportation.
Key pressed, stopping explore.
Key pressed, stopping explore.
No target in view!
No target in view!
No target in view!
Done exploring.
Done exploring.
Done exploring.
No target in view!
No target in view!
Okay, then.
Done exploring.
Done exploring.
Done exploring.
(D) Dungeon (T) Temple
Where to? (Enter - D:8, ? - help)
There is a large open door here.
There is a fountain of clear blue water here.
There is a large open door here.
You see here 4 stones.
There is a stone staircase leading down here.
You climb downwards.
Found 15 gold pieces.
There is a stone staircase leading up here.
Unknown command.
You now have 496 gold pieces (gained 15).
As you open the door, it creaks loudly!
You hear a croak.
Found 7 gold pieces.
There is an open door here.
You now have 503 gold pieces (gained 7).
As you open the door, it creaks loudly!
You hear a shout!
There is an open door here.
A centaur comes into view.
The centaur wields a +0 shortbow.
The centaur shoots an arrow.
The arrow hits you but does no damage.
The centaur shoots an arrow.
The arrow hits you but does no damage.
The centaur shoots an arrow.
The arrow hits you.
The centaur shoots an arrow.
The arrow barely misses you.
You puncture the centaur!
You feel better.
The centaur is heavily wounded.
The centaur unwields a +0 shortbow.
The centaur hits you but does no damage.
The centaur kicks you but does no damage.
You puncture the centaur!
The centaur is severely wounded.
The centaur barely misses you. The centaur completely misses you.
You puncture the centaur!
You kill the centaur!
No target in view!
Things that are here:
a +0 shortbow; a centaur corpse A bullfrog comes into view.
A bullfrog is nearby!
A bullfrog is nearby!
A bullfrog is nearby!
The bullfrog croaks.
You reach to attack!
You impale the bullfrog!!
You kill the bullfrog!
No target in view!
No target in view!
You open the door.
There is an open door here.
r - 3 scrolls of poison (gained 1)
There is an open door here.
F - a scroll labelled SETHI GO JOOR You open the large door.
A sourceless malevolence fills the Dungeon...
With a horrendous wail, an alarm goes off!
A sentinel's mark forms upon you.
You hear two shouts!
You hear a croak.
You hear a shout! x3
There is a large open door here.
You sense a monster nearby.
(D) Dungeon (T) Temple
Where to? (Enter - D:9, ? - help)
You sense a monster nearby.
There is a stone staircase leading up here.
You open the door.
An orc warrior comes into view. It is wielding a +0 glaive.
An orc warrior is nearby!
An orc comes into view.
It is wielding a +0 hand axe and quivering poisoned darts.
You reach to attack!
You impale the orc!!
You kill the orc!
You reach to attack!
You impale the orc warrior!!
The orc warrior is severely wounded.
The orc warrior hits you from afar with a +0 glaive.
An orc wizard comes into view. It is wielding a +4 dagger.
You reach to attack!
You puncture the orc warrior!
You feel better.
You kill the orc warrior!
You reach to attack!
You hit the orc wizard.
The orc wizard is moderately wounded.
You reach to attack!
You puncture the orc wizard!
The orc wizard is almost dead.
An orc wizard comes into view. It is wielding a +0 dagger.
You impale the orc wizard!!
You kill the orc wizard!
You closely miss the orc wizard.
The orc wizard hits you but does no damage.
You impale the orc wizard!!
You kill the orc wizard!
No target in view!
No target in view!
There is an open door here.
Items here: )) [[ †.
x - 12 poisoned darts (gained 5)
Items here: )) [ †.
Found a potion of haste.
You sense a monster nearby.
A bullfrog comes into view.
A bullfrog is nearby!
A bullfrog is nearby!
The sentinel's mark upon you fades away.
You reach to attack!
You closely miss the bullfrog. You puncture the bullfrog!
The bullfrog is heavily wounded.
The bullfrog hits you.
You impale the bullfrog!!
You feel better.
You kill the bullfrog!
A two-headed ogre comes into view. It is wielding two +0 giant clubs.
A two-headed ogre is nearby!
You throw a poisoned dart.
The poisoned dart hits the two-headed ogre.
You throw a poisoned dart.
The poisoned dart hits the two-headed ogre.
The two-headed ogre is poisoned.
You throw a poisoned dart.
The poisoned dart barely misses the two-headed ogre.
You reach to attack!
You puncture the two-headed ogre!
The two-headed ogre is lightly wounded.
You reach to attack!
You puncture the two-headed ogre!
The two-headed ogre is heavily wounded.
You puncture the two-headed ogre!
The two-headed ogre is severely wounded.
The two-headed ogre hits you with a +0 giant club! x2
You barely miss the two-headed ogre.
The two-headed ogre is severely wounded.
You hit the two-headed ogre.
You feel better.
The two-headed ogre is severely wounded.
The two-headed ogre closely misses you.
The two-headed ogre hits you with a +0 giant club.
You puncture the two-headed ogre!
You kill the two-headed ogre!
Your Fighting skill increases to level 8!
Your Armour skill increases to level 8!
No target in view!
HP restored.
Things that are here:
a +0 giant club; a +0 giant club; a two-headed ogre corpse
x - 10 poisoned darts (gained 1)
x - 11 poisoned darts (gained 1)
x - 12 poisoned darts (gained 1)
Found a stone staircase leading up.
You now have 515 gold pieces (gained 12).
You open the door.
There is an open door here.
You open the door.
There is an open door here.
You pick up a book of Rime and begin reading...
You add the spells Frozen Ramparts, Ice Form and Summon Ice Beast to your library.
Found a stone staircase leading down.
Okay, then.
You sense a monster nearby.
s - 3 potions of brilliance (gained 1)
You see here a +1 short sword of flaming.
y - a ring of willpower (left hand)
There is a shaft here.
You open the door.
Found a battleaxe.
There is an open door here.
You open the door.
There is an open door here.
You open the door.
There is an open door here.
Found a robe.
Found a shortbow.
You see here a +0 robe.
Found a dagger.
You open the door.
There is an open door here.
You now have 524 gold pieces (gained 9).
Found a stone staircase leading down.
Found a falchion.
You open the door.
There is an open door here.
You now have 543 gold pieces (gained 19).
There is an open door here.
You now have 553 gold pieces (gained 10).
Found a robe.
You now have 569 gold pieces (gained 16).
You open the door.
There is an open door here.
You open the door.
There is an open door here.
You open the door.
There is an open door here.
Found a stone staircase leading up.
Found a stone staircase leading down.
G - a scroll labelled DAXELE LAFE
There is a stone staircase leading up here.
As you open the door, it creaks loudly!
You hear an angry hiss.
A steam dragon comes into view.
Found a shimmering altar of Xom.
A steam dragon is nearby!
You reach to attack!
You closely miss the steam dragon.
You hit the steam dragon but do no damage.
The steam dragon barely misses you. The steam dragon completely misses you.
You impale the steam dragon!!
The steam dragon is severely wounded.
The steam dragon bites you but does no damage.
The steam dragon closely misses you.
You puncture the steam dragon!
The steam dragon is almost dead.
You impale the steam dragon!!
You kill the steam dragon!
The steam dragon scales are intact enough to wear.
No target in view!
There is an open door, spattered with blood here.
Things that are here:
+0 steam dragon scales; a steam dragon corpse
Found an iron altar of Okawaru.
Found a shimmering blue altar of Sif Muna.
Found a glowing silver altar of Zin.
Found a hide-covered altar of Uskayaw.
Found a radiant altar of Vehumet.
You open the door.
There is an open door here.
Things that are here:
a +0 giant club; a +0 giant club
Things that are here:
a +0 glaive; a +0 chain mail; a +0 hand axe
There is an open door here.
Items here: )) [[.
There is an open door here.
Key pressed, stopping explore.
You open the door.
A bullfrog comes into view.
A bullfrog is nearby!
There is an open door here.
You reach to attack!
You puncture the bullfrog!
The bullfrog is heavily wounded.
You impale the bullfrog!!
You kill the bullfrog!
No target in view!
No target in view!
Unknown command.
Unknown command.
Unknown command.
Unknown command.
Search for what [Enter for "shie", or ? for help]?
Okay, then.
Unknown command.
(D) Dungeon (T) Temple
Where to? (Enter - D:8, ? - help)
There is a stone staircase leading up here.
You climb upwards.
There is a stone staircase leading down here.
There is an escape hatch in the floor here.
Items here: )) [[.
Things that are here:
a +0 chain mail; a +3 short sword; a +0 arbalest
Things that are here:
a +0 chain mail; a +0 club
There is a stone staircase leading up, spattered with blood here.
Items here: ))) [.
You climb upwards.
There is a stone staircase leading down here.
You see here a +0 spear.
There is a staircase to the Ecumenical Temple here.
You climb downwards.
Welcome to the Ecumenical Temple!
Found three altars.
There is a staircase back to the Dungeon here.
Found an ornate altar of the Wu Jian Council.
Found a burning altar of Makhleb.
Found a glowing golden altar of the Shining One.
Found an ancient bone altar of Kikubaaqudgha.
There is a glowing golden altar of the Shining One here.
Found a sparkling altar of Nemelex Xobeh.
Found a broken altar of Ashenzari.
Found a blossoming altar of Fedhas.
Found a snail-covered altar of Cheibriados.
Found a bloodstained altar of Trog.
Found a basalt altar of Yredelemnul.
Found a shadowy altar of Dithmenos.
There is a shadowy altar of Dithmenos here.
Key pressed, stopping explore.
Key pressed, stopping explore.
Done exploring.
Unknown command.
You don't know any spells.
Okay, then.
Search for what [Enter for "shie", or ? for help]? kiku
There is a broken altar of Ashenzari here.
There is an ancient bone altar of Kikubaaqudgha here.
You kneel at the altar of Kikubaaqudgha.
You have lost your religion!
Ignis blazes with a vengeful fury!
Ignis burns away your resistance to fire.
Kikubaaqudgha welcomes you!
(D) Dungeon (T) Temple
Where to? (Enter - Temple @ (x,y), ? - help)
There is a sacrificial altar of Ru here.
There is a staircase back to the Dungeon here.
You climb upwards.
Welcome back to the Dungeon!
There is a staircase to the Ecumenical Temple here.
Unknown command.
Done exploring.
Done exploring.
Done exploring.
(D) Dungeon (T) Temple
Where to? (Enter - D:7, ? - help)
You see here a +0 spear.
Items here: ( ))))))).
There is a stone staircase leading down here.
You climb downwards.
There is a stone staircase leading up here.
Done exploring.
(D) Dungeon (T) Temple
Where to? (Enter - D:8, ? - help)
There is a large open door here.
You see here a potion of haste.
There is a large open door here.
You see here 4 stones.
There is a stone staircase leading down here.
You climb downwards.
There is a stone staircase leading up here.
Done exploring.
Done exploring.
(D) Dungeon (T) Temple
Where to? (Enter - D:9, ? - help)
There is an open door here.
Items here: )) [[.
There is a stone staircase leading down here.
You climb downwards.
Found 23 gold pieces and a smoky puce potion.
There is a stone staircase leading up here.
Key pressed, stopping travel.
H - a smoky puce potion You now have 592 gold pieces (gained 23).
An elephant comes into view.
The elephant trumpets!
You hear a trumpeting!
You hear a shout!
The elephant moves out of view.
There is a stone staircase leading up here.
You reach to attack!
You puncture the elephant!
The elephant is moderately wounded.
You reach to attack!
You hit the elephant.
The elephant is moderately wounded.
The elephant tramples you.
You stumble backwards!
You stop ascending the stairs.
You puncture the elephant!
You feel better.
The elephant is heavily wounded.
The elephant tramples you!
You stumble backwards!
You hit the elephant.
You feel better.
The elephant is heavily wounded.
You barely miss the elephant.
The elephant is heavily wounded.
The elephant tramples you.
You hold your ground!
The elephant barely misses you.
You hit the elephant.
You feel better.
The elephant is severely wounded.
The elephant tramples you.
You hold your ground!
The elephant barely misses you.
You barely miss the elephant.
The elephant is heavily wounded.
The elephant closely misses you.
The elephant trunk-slaps you but does no damage.
You impale the elephant!!
The elephant is almost dead.
You hit the elephant.
The elephant is almost dead.
The elephant closely misses you.
The elephant trunk-slaps you but does no damage.
You puncture the elephant!
You feel better.
You kill the elephant!
Kikubaaqudgha accepts your kill.
No target in view!
No target in view!
You see here an elephant corpse.
There is a stone staircase leading up, spattered with blood here.
You climb upwards.
There is a stone staircase leading down here. "These will know how to inflict the punishment due to you!" 2 fire elementals come into view.
You can't go down here!
There are monsters nearby!
You impale the fire elemental!!
The fire elemental is severely damaged.
You puncture the fire elemental!
The fire elemental is almost destroyed.
You impale the fire elemental!!
You destroy the fire elemental!
That felt strangely unrewarding.
You puncture the fire elemental!
The fire elemental is heavily damaged.
The fire elemental hits you. The fire elemental burns you!
You barely miss the fire elemental.
The fire elemental is heavily damaged.
The fire elemental completely misses you.
You hit the fire elemental.
The fire elemental is severely damaged.
The fire elemental hits you. The fire elemental burns you!
You hit the fire elemental.
The fire elemental is severely damaged.
The fire elemental closely misses you.
You closely miss the fire elemental.
The fire elemental is severely damaged.
The fire elemental hits you. The fire elemental burns you!
You are too injured to fight recklessly!
You are too injured to fight recklessly!
You are too injured to fight recklessly!
You impale the fire elemental!!
You destroy the fire elemental!
That felt strangely unrewarding.
You start resting.
HP restored.
You can't go down here!
(D) Dungeon (T) Temple
Where to? (Enter - D:9 @ (x,y), ? - help)
There is a stone staircase leading down here.
You climb downwards.
There is a stone staircase leading up here.
A yak comes into view.
The yak bellows!
You hear a bellow! x2
A yak is nearby!
A yak is nearby!
A yak comes into view.
A yak comes into view.
A yak comes into view.
You reach to attack!
You puncture the yak!
The yak is lightly wounded.
You puncture the yak!
The yak is heavily wounded.
A yak comes into view.
The yak gores you.
You completely miss the yak.
The yak is heavily wounded.
The yak bellows!
The yak gores you but does no damage. x2; The yak gores the plant!
The plant begins to die.
You closely miss the yak.
The yak is heavily wounded.
The yak attacks as you move away! The yak closely misses you.
The yak attacks as you move away! The yak gores you but does no damage.
A yak comes into view.
The yak gores the plant!
Something gores the plant!
The plant begins to die.
There is a stone staircase leading up here.
The yak bellows!
You hit the yak.
You feel better.
The yak is heavily wounded.
The yak gores you!
The yak gores the plant!
Something gores the plant!
The yak gores you.
You impale the yak!!
You feel better.
You kill the yak!
Kikubaaqudgha accepts your kill. The yak gores you but does no damage.
Something gores the plant!
The yak snorts and paws the water.
The yak gores the plant.
You have reached level 11!
You puncture the yak!
You feel better.
The yak is moderately wounded.
You hit the yak but do no damage.
The yak is moderately wounded.
A nearby plant withers and dies.
The yak gores you.
Something gores the plant.
You barely miss the yak.
The yak is moderately wounded.
A nearby plant withers and dies.
The yak gores you! The yak gores you but does no damage.
You climb upwards.
There is a stone staircase leading down here.
The yak barely misses you. The yak attacks as you move away! The yak gores you!
The yak attacks as you move away! The yak gores you but does no damage.
The yak gores you. The yak attacks as you move away!
The yak gores you but does no damage. The yak attacks as you move away!
The yak gores you. The yak attacks as you move away! The yak gores you.
The yak attacks as you move away! The yak gores you.
You are too injured to fight recklessly!
You are too injured to fight recklessly!
You are too injured to fight recklessly!
You are too injured to fight recklessly!
You are too injured to fight recklessly!
You are too injured to fight recklessly!
You are too injured to fight recklessly!
You are too injured to fight recklessly!
You are too injured to fight recklessly!
You are too injured to fight recklessly!
You closely miss the yak.
The yak is lightly wounded.
The yak gores you!
You puncture the yak!
The yak is severely wounded.
You puncture the yak!
The yak is almost dead.
The yak gores you.
* * * LOW HITPOINT WARNING * * *
You puncture the yak!
You kill the yak!
Kikubaaqudgha accepts your kill.
You puncture the yak!
You feel better.
The yak is moderately wounded.
You barely miss the yak.
The yak is moderately wounded.
The yak gores you!
* * * LOW HITPOINT WARNING * * *
You puncture the yak!
The yak is heavily wounded.
The yak gores you.
* * * LOW HITPOINT WARNING * * *
You hit the yak.
You feel better.
The yak is severely wounded.
You impale the yak!!
You kill the yak!
Kikubaaqudgha accepts your kill.
There is a stone staircase leading up here.
There is a stone staircase leading up here.
You start resting. "Attack, my last stalwart servants!" 2 fire elementals come into view.
You climb upwards.
There is a stone staircase leading down here.
You start resting.
HP restored.
There is a stone staircase leading down here.
You climb downwards.
There is a stone staircase leading up here.
There is an open door here.
Items here: )) [[.
Things that are here:
a +0 hand axe; a +0 chain mail; a +0 glaive A fire elemental is nearby!
You reach to attack!
You impale the fire elemental!!
The fire elemental is heavily damaged.
You impale the fire elemental!!
You destroy the fire elemental!
That felt strangely unrewarding.
No target in view!
No target in view!
Done exploring.
(D) Dungeon (T) Temple
Where to? (Enter - D:9 @ (x,y), ? - help)
You sense a monster nearby.
No target in view!
No target in view!
(D) Dungeon (T) Temple
Where to? (Enter - D:9 @ (x,y), ? - help)
A fire elemental is nearby!
You reach to attack!
You barely miss the fire elemental. You puncture the fire elemental!
The fire elemental is moderately damaged.
The fire elemental hits you. The fire elemental burns you!
You hit the fire elemental.
The fire elemental is moderately damaged.
The fire elemental closely misses you.
You hit the fire elemental.
The fire elemental is moderately damaged.
The fire elemental hits you. The fire elemental burns you!
You closely miss the fire elemental.
The fire elemental is moderately damaged.
The fire elemental hits you. The fire elemental burns you!
You impale the fire elemental!! Your punch misses the fire elemental.
The fire elemental is almost destroyed.
The fire elemental hits you. The fire elemental burns you!
You are too injured to fight recklessly!
You are too injured to fight recklessly!
You are too injured to fight recklessly!
You are too injured to fight recklessly!
You impale the fire elemental!!
You destroy the fire elemental!
That felt strangely unrewarding.
You start resting.
HP restored.
Unknown command.
There is a stone staircase leading down here.
You climb downwards.
There is a stone staircase leading up, spattered with blood here.
A hornet comes into view.
The hornet buzzes angrily.
A hornet is nearby!
You throw a poisoned dart.
The poisoned dart closely misses the hornet.
You throw a poisoned dart. The poisoned dart hits the hornet.
The hornet is poisoned.
You throw a poisoned dart. The poisoned dart hits the hornet.
The hornet is lightly wounded.
You impale the hornet!!
The hornet is severely wounded.
The hornet stings you.
You puncture the hornet!
You feel better.
You kill the hornet!
Kikubaaqudgha accepts your kill.
Your Polearms skill increases to level 12!
No target in view!
You see here a hornet corpse.
x - 10 poisoned darts (gained 1)
x - 11 poisoned darts (gained 1)
x - 12 poisoned darts (gained 1)
You sense a monster nearby.
I - 2 fizzy silvery potions
c - 2 sedimented green potions (gained 1)
There is a dry fountain here.
An orc comes into view. It is wielding a +0 mace.
The orc moves out of view.
You reach to attack!
You puncture the orc!
You kill the orc!
Kikubaaqudgha accepts your kill.
No target in view!
An orc warrior, an orc priest and an orc come into view.
The orc warrior shouts!
The orc priest shouts!
The orc shouts!
You hear an angry buzzing noise.
A killer bee comes into view.
The orc moves out of view.
The orc priest mumbles some strange prayers to Beogh against you.
Beogh smites you!
The orc priest begins to cast a cantrip, but forgets the words!
You start resting.
An orc priest is nearby!
You reach to attack!
You puncture the orc warrior!
You feel better.
The orc warrior is moderately wounded.
You barely miss the orc warrior. Your punch misses the orc warrior.
The orc warrior is moderately wounded.
The orc warrior barely misses you.
You impale the orc warrior!!
You feel better.
You kill the orc warrior!
Kikubaaqudgha accepts your kill.
You puncture the orc priest!
The orc priest is heavily wounded.
You puncture the orc priest!
You kill the orc priest!
Kikubaaqudgha accepts your kill.
You reach to attack!
You closely miss the orc. You puncture the orc!
You kill the orc!
Kikubaaqudgha accepts your kill.
No target in view!
No target in view!
An orc wizard comes into view. It is wielding a +0 dagger.
Items here: ))) [[.
An orc wizard is nearby!
An orc wizard is nearby!
The orc wizard casts a spell.
The orc wizard flickers and vanishes for a moment.
You closely miss the orc wizard.
The orc wizard hits you but does no damage.
You impale the orc wizard!!
You kill the orc wizard!
Kikubaaqudgha accepts your kill.
No target in view!
No target in view!
A troll comes into view.
The troll shouts!
A troll is nearby!
A troll is nearby!
You reach to attack!
You impale the troll!!
The troll is heavily wounded.
You reach to attack!
You completely miss the troll.
The troll is heavily wounded.
You hit the troll.
The troll is severely wounded.
The troll bites you but does no damage. The troll claws you.
The troll closely misses you.
You barely miss the troll.
The troll is severely wounded.
The troll bites you!
The troll claws you but does no damage. x2
You hit the troll.
You feel better.
The troll is severely wounded.
You puncture the troll!
You kill the troll!
Kikubaaqudgha accepts your kill.
Your Fighting skill increases to level 9!
Your Armour skill increases to level 9!
No target in view!
No target in view!
HP restored. "Burn!
Burn until nothing is left!"
The divine experience confuses you!
You are confused. 3 fire elementals come into view.
There are monsters nearby!
There are monsters nearby!
You are too confused!
You are too confused!
You are too confused!
You bump into the rock wall.
You barely miss the fire elemental. The fire elemental hits you.
The fire elemental burns you! The fire elemental hits you.
The fire elemental burns you! The fire elemental hits you.
The fire elemental burns you!
You hit the fire elemental but do no damage.
The fire elemental hits you. The fire elemental burns you!
The fire elemental hits you. The fire elemental burns you!
* * * LOW HITPOINT WARNING * * *
The fire elemental closely misses you.
You feel better. The fire elemental closely misses you.
The fire elemental barely misses you. The fire elemental hits you.
The fire elemental burns you!
* * * LOW HITPOINT WARNING * * *
Okay, then.
Press: ? - help, v - describe, . - travel
Here: a fire elemental (durably summoned)
The floor.
Unknown command.
Okay, then.
Aiming: Paralyse
Press: ? - help, Shift-Dir - straight line, f - you
Okay, then.
Are you sure you want to shaft yourself?
The fire elemental hits you. The fire elemental burns you!
* * * LOW HITPOINT WARNING * * *
The fire elemental hits you. The fire elemental burns you!
* * * LOW HITPOINT WARNING * * *
The fire elemental hits you. The fire elemental burns you!
* * * LOW HITPOINT WARNING * * *
You begin to dig a shaft.
You continue digging a shaft.
The fire elemental closely misses you. The fire elemental hits you.
The fire elemental burns you!
You die...
Kikubaaqudgha rasps: "You have failed me!
Welcome... death!" ######################### #...............@E....... {. #.#####.........EE...#.. {.. #.# #..#####..##°..# {{oy

#.# #..# #..# .°..... {{...
#.############### #######{{.....
#.....#8###8###⌠###8###8##......
#........................)......
#....)....................#.#+##
#)###.......................#


You could see 3 fire elementals.

Vanquished Creatures
  A two-headed ogre (D:9)
  An elephant (D:10)
  A troll (D:10)
  2 hornets
  A shadow (D:8)
  Sigmund (D:3)
  3 yaks
  4 fire elementals (D:9)
  2 steam dragons
  A water moccasin (D:5)
  Duvessa (D:6)
  4 ice beasts
  5 orc warriors
  2 sky beasts
  A phantom (D:5)
  3 centaurs
  A kobold brigand (D:7)
  3 necrophages
  8 bullfrogs
  A scorpion (D:4)
  A wight (D:8)
  Dowan (D:6)
  4 killer bees (D:7)
  3 howler monkeys
  4 orc priests
  3 gnoll boudas
  A hound (D:6)
  4 jellies
  3 iguanas
  11 orc wizards
  18 gnolls
  6 adders
  3 shadow imps
  3 white imps
  2 ufetubi
  A worm (D:3)
  2 dart slugs
  31 orcs
  3 ball pythons
  2 bats
  3 endoplasms (D:3)
  3 giant cockroaches
  5 goblins
  A hobgoblin (D:1)
  12 kobolds
  4 quokkas
  2 frilled lizards (D:3)
  4 rats
186 creatures vanquished.

Vanquished Creatures (others)
  15 foxfires (D:6)
  65 plants
80 creatures vanquished.

Grand Total: 266 creatures vanquished

Notes
Turn   | Place    | Note
-------+----------+-------------------------------------------
     0 | D:1      | sleeves the Formicid Cinder Acolyte began the quest for the
                  | Orb.
     0 | D:1      | Reached XP level 1. HP: 18/18 MP: 2/2
   299 | D:1      | Reached XP level 2. HP: 24/24 MP: 3/3
   945 | D:2      | Found a bloodstained altar of Trog.
   981 | D:2      | Reached skill level 4 in Polearms
   981 | D:2      | Reached XP level 3. HP: 29/29 MP: 4/4
   999 | D:2      | HP: 14/29 [poisoned by an adder]
  1004 | D:2      | HP: 8/29 [poisoned by an adder]
  1461 | D:2      | Reached XP level 4. HP: 35/35 MP: 5/5
  1569 | D:2      | Found a faded altar of an unknown god.
  1771 | D:2      | Reached skill level 1 in Armour
  1897 | D:3      | Noticed Sigmund
  1905 | D:3      | Killed Sigmund
  1906 | D:3      | Reached skill level 5 in Polearms
  1906 | D:3      | Reached skill level 3 in Armour
  1906 | D:3      | Reached XP level 5. HP: 41/41 MP: 6/6
  1906 | D:3      | Reached XP level 6. HP: 47/47 MP: 7/7
  2672 | D:4      | Reached skill level 6 in Polearms
  2866 | D:4      | Reached XP level 7. HP: 33/52 MP: 8/8
  3177 | D:4      | Reached skill level 7 in Polearms
  3714 | D:5      | Entered Level 5 of the Dungeon
  3837 | D:5      | Reached skill level 8 in Polearms
  3840 | D:5      | Reached XP level 8. HP: 50/58 MP: 9/9
  3844 | D:5      | HP: 24/58 [orc priest/nerve-wracking pain (12)]
  4440 | D:5      | Reached skill level 9 in Polearms
  4526 | D:5      | HP: 26/58 [water moccasin (6)]
  5048 | D:6      | Noticed Duvessa
  5048 | D:6      | Noticed Dowan
  5382 | D:6      | Reached skill level 4 in Armour
  5481 | D:6      | Reached skill level 4 in Fighting
  5592 | D:6      | Killed Duvessa
  5593 | D:6      | Reached XP level 9. HP: 65/65 MP: 10/10
  5599 | D:6      | Killed Dowan
  6062 | D:6      | Reached skill level 10 in Polearms
  6370 | D:6      | Found a white marble altar of Elyvilon.
  6656 | D:7      | Reached skill level 5 in Armour
  6664 | D:7      | Reached skill level 5 in Fighting
  6676 | D:7      | HP: 34/68 [kobold/+0 club (4)]
  6867 | D:7      | HP: 34/68 [poisoned by a killer bee]
  6872 | D:7      | HP: 30/68 [poisoned by a killer bee]
  7403 | D:7      | Reached skill level 6 in Fighting
  7403 | D:7      | Reached skill level 6 in Armour
  7554 | D:7      | Found a staircase to the Ecumenical Temple.
  7817 | D:8      | HP: 30/69 [orc priest/divine providence (8)]
  7822 | D:8      | HP: 20/69 [orc priest/divine providence (12)]
  7823 | D:8      | Reached XP level 10. HP: 22/77 MP: 11/11
  7834 | D:8      | HP: 13/77 [orc warrior/bolt (13)]
  8239 | D:8      | Reached skill level 11 in Polearms
  8312 | D:8      | Reached skill level 7 in Fighting
  8312 | D:8      | Reached skill level 7 in Armour
  8427 | D:8      | Found an opulent altar of Gozag.
  8683 | D:8      | Identified 2 scrolls of acquirement
  8696 | D:8      | Acquired a +0 bardiche of pain
  8698 | D:8      | Acquired the +9 demon trident of Cheibriados's Esteem
                  | {vamp, rPois Will+ Str+4 Int+2}
  9253 | D:9      | Noticed a two-headed ogre
  9263 | D:9      | Killed a two-headed ogre
  9264 | D:9      | Reached skill level 8 in Fighting
  9264 | D:9      | Reached skill level 8 in Armour
  9734 | D:9      | Found a shimmering altar of Xom.
  9748 | D:9      | Found an iron altar of Okawaru.
  9749 | D:9      | Found a shimmering blue altar of Sif Muna.
  9750 | D:9      | Found a glowing silver altar of Zin.
  9751 | D:9      | Found a hide-covered altar of Uskayaw.
  9754 | D:9      | Found a radiant altar of Vehumet.
  9989 | Temple   | Entered the Ecumenical Temple
 10093 | Temple   | Fell from the grace of Ignis
 10093 | Temple   | Became a worshipper of Kikubaaqudgha
 10254 | D:10     | Entered Level 10 of the Dungeon
 10269 | D:10     | Noticed an elephant
 10296 | D:10     | Killed an elephant
 10460 | D:10     | Reached XP level 11. HP: 83/87 MP: 12/12
 10479 | D:9      | HP: 42/87 [yak (4)]
 10841 | D:10     | Reached skill level 12 in Polearms
 10943 | D:10     | Reached skill level 9 in Fighting
 10943 | D:10     | Reached skill level 9 in Armour
 10994 | D:10     | HP: 36/89 [fire elemental[the fiery vengeance of Ignis]
                  | (12)]
 10996 | D:10     | HP: 13/89 [fire elemental[the fiery vengeance of Ignis]
                  | (13)]
 10996 | D:10     | HP: 5/89 [fire elemental[the fiery vengeance of Ignis] (8)]
 10997 | D:10     | Slain by a fire elemental

Illustrated notes

Levels and vault maps discovered:
D:1:      spicycebolla_arrival_xxxplode, layout_loops_cross, serial_forest,
          infiniplex_forest_clump_tiny, infiniplex_forest_3_way,
          infiniplex_forest_lined_3, infiniplex_forest_clump_medium,
          infiniplex_forest_zigzag_1, infiniplex_forest_end_3,
          infiniplex_forest_lined_2, nicolae_kite_square_tiling_tiny,
          dk_noncrumbling_3, minmay_misc_feat_roman
D:2:      layout_basic, basic_altar, shapermc_ecumenical_altar_mp_highgroup,
          serial_bayou, serial_bayou_ford_a, serial_bayou_lagoon_a,
          serial_bayou_lagoon_b, serial_bayou_pond_c, minmay_ruptured
D:3:      layout_loops_cross, glass_columns_a, uniq_sigmund
D:4:      layout_basic, minmay_hedge_maze, minmay_strange_pillars,
          kennysheep_generic_room_4
D:5:      layout_basic, moated_statue
D:6:      layout_layer_cave, general_overflow_altar, uniq_duvessa
D:7:      layout_loops_ring, minmay_temple_entry_poolview
D:8:      layout_basic, nicolae_gozag_cash_rules_everything_around_me,
          kennysheep_generic_room_5
D:9:      layout_irregular_city, minitemple
D:10:     wad_woods_tower, layout_stronghold, david_lair_shrubbed,
          ebering_ghost_xom, corexii_hall_statues_t, eino_house_with_fridge
Temple:   compressed_dpeg_circular_temple

Skill      XL: |  1  2  3  4  5  6  7  8  9 10 11 |
---------------+----------------------------------+-----
Polearms       | 4 5 6 8 9 10 11 12 | 12.1
Armour         | 3 4 6 8 9 |  9.0
Fighting       | 4 6 8 9 |  9.0
Spellcasting   | |  1.1
Fire Magic     | |  3.0

Action                   |  1- 3 |  4- 6 |  7- 9 | 10-12 || total
-------------------------+-------+-------+-------+-------++-------
Melee: Spear             |    67 |    17 |       |       ||    84
       Halberd           |       |    67 |   329 |    59 ||   455
       Punch             |       |     1 |     1 |     2 ||     4
       Demon trident     |       |       |       |   107 ||   107
Throw: Dart              |       |       |       |     6 ||     6
Invok: Foxfire Swarm     |       |       |     1 |       ||     1
       Fiery Armour      |       |       |     1 |       ||     1
 Abil: Shaft Self        |       |       |       |     1 ||     1
Evoke: Wand              |       |       |     2 |     1 ||     3
  Use: Potion            |       |     4 |       |     1 ||     5
       Scroll            |       |       |       |    15 ||    15
 Stab: Paralysed         |       |       |       |     1 ||     1
Armor: Robe              |     7 |       |       |       ||     7
       Ring mail         |     2 |    20 |    46 |       ||    68
       Chain mail        |       |       |    79 |    60 ||   139
Dodge: Dodged            |    23 |    18 |   104 |    35 ||   180

Table legend: (Time is in decaauts)
 A = Elapsed time spent in this place.
 B = Non-inter-level travel time spent in this place.
 C = Inter-level travel time spent in this place.
 D = Time resting spent in this place.
 E = Time spent auto-exploring this place.
 F = Levels seen in this place.
 G = Mean time per level.
                   A        B        C        D        E       F      G
               +--------+--------+--------+--------+--------+-----+--------+
         Total |  11033 |  10140 |    893 |    952 |   7636 |  11 | 1003.0 |
       Dungeon |  10902 |  10048 |    854 |    952 |   7556 |  10 | 1090.2 |
        Temple |    130 |     92 |     38 |      0 |     80 |   1 |  130.0 |
               +--------+--------+--------+--------+--------+-----+--------+

Top non-repeatable levels by time:
     D:6: 1601 daAuts
     D:7: 1521 daAuts
     D:8: 1397 daAuts
     D:4: 1257 daAuts
     D:5: 1129 daAuts
     D:9: 1089 daAuts
     D:1: 950 daAuts
     D:3: 886 daAuts
     D:2: 834 daAuts
    D:10: 233 daAuts
  Temple: 130 daAuts
